 Dungeon Crawl Stone Soup version 0.22-a0-265-g0d8bc90 (webtiles) character file.

3644 RoseArtemis the Fighter (level 9, -6/81 HPs)
             Began as a Minotaur Fighter on Mar 7, 2018.
             Was a Follower of Ru.
             Killed from afar by Karim's ghost (8 damage)
             ... with a magic dart
             ... on level 7 of the Dungeon.
             The game lasted 00:22:59 (8324 turns).

RoseArtemis the Fighter (Minotaur Fighter)          Turns: 8324, Time: 00:22:59

Health: -6/81      AC:  6    Str: 22    XL:     9   Next: 88%
Magic:  20/21      EV:  8    Int:  6    God:    Ru [*.....]
Gold:   165        SH: 11    Dex: 11    Spells: 8/14 levels left

rFire    . . .     SeeInvis .   a - +0 war axe
rCold    . . .     Gourm    .   c - +1 shield
rNeg     . . .     Faith    .   t - +0 ring mail of the Serpent {+Inv MR+}
rPois    +         Spirit   .   (helmet restricted)
rElec    .         Reflect  .   (no cloak)
rCorr    .         Harm     .   (no gloves)
MR       +....                  (no boots)
Stlth    +.........             (no amulet)
HPRegen  0.23/turn              J - ring of magical power
MPRegen  0.17/turn              x - ring of poison resistance

@: lethally poisoned (-6 -> -15), no potions, very slightly contaminated
A: retaliatory headbutt, horns 2, inability to drink while threatened
a: Renounce Religion, Evoke Invisibility


You were on level 7 of the Dungeon.
You worshipped Ru.
Ru was aware of your devotion.
You were not hungry.

You visited 2 branches of the dungeon, and saw 8 of its levels.

You collected 385 gold pieces.
You spent 220 gold pieces at shops.

Inventory:

Hand Weapons
 a - a +0 war axe (weapon)
Missiles
 M - 10 arrows
Armour
 b - a +0 scale mail
 c - a +1 shield (worn)
 t - the +0 ring mail of the Serpent (worn) {+Inv MR+}
   (You found it on level 5 of the Dungeon)

   It affects your resistance to hostile enchantments.
   It lets you turn invisible.
 H - a +2 cloak
Jewellery
 x - a ring of poison resistance (right hand)
 y - a +3 ring of strength
 E - an uncursed ring of positive energy
 J - a ring of magical power (left hand)
Wands
 q - a wand of iceblast (15)
 z - a wand of random effects (25)
 B - a wand of paralysis (13)
 C - a wand of acid (7)
Scrolls
 d - 2 scrolls of random uselessness {unknown}
 e - a scroll of magic mapping {unknown}
 g - a scroll of blinking {unknown}
 h - 5 scrolls of teleportation
 i - a scroll of enchant armour
 k - 2 scrolls of identify
 m - a scroll of remove curse
 n - 2 scrolls of fear {unknown}
 o - a scroll of fog {unknown}
 s - a scroll of immolation {unknown}
 A - 2 scrolls of enchant weapon {unknown}
 K - a scroll of summoning {unknown}
Potions
 j - 2 potions of lignification {unknown}
 l - a potion of haste {unknown}
 p - a potion of degeneration {unknown}
 r - 2 potions of mutation {unknown}
 u - 2 potions of flight {unknown}
 w - 6 potions of curing {unknown}
 D - a potion of magic {unknown}
 F - a potion of resistance {unknown}
 G - a potion of cancellation {unknown}
 I - a potion of heal wounds
 L - a potion of ambrosia {unknown}
Comestibles
 f - 10 rations
 v - 3 chunks of flesh


   Skills:
 + Level 8.0 Fighting
 - Level 6.2 Axes
 - Level 6.0 Armour
 - Level 6.1 Shields
 * Level 7.4 Unarmed Combat
 + Level 3.1 Spellcasting
 - Level 5.0 Transmutations


You had 8 spell levels left.
You knew the following spells:

 Your Spells              Type           Power        Failure   Level  Hunger
a - Beastly Appendage     Tmut           #.....       22%         1    ##.....
b - Sticks to Snakes      Tmut           #.......     34%         2    ###....
c - Spider Form           Tmut/Pois      #.........   88%         3    ####...


Dungeon Overview and Level Annotations

Branches:
Dungeon (7/15)             Temple (1/1) D:5

Altars:
Ashenzari
Cheibriados
Dithmenos
Elyvilon
Fedhas
Gozag
Hepliaklqana
Kikubaaqudgha
Makhleb
Nemelex Xobeh
Okawaru
Qazlal
Ru
Sif Muna
Trog
Uskayaw
Vehumet
Wu Jian
Xom
Yredelemnul
Zin
The Shining One

Shops:
D:7 }=%

Annotations:
D:3 1 runed door
D:7 Karim's ghost, novice GnCj


Innate Abilities, Weirdness & Mutations

You reflexively headbutt those who attack you in melee.
You have a pair of horns on your head.
You cannot drink potions while threatened.


Message History

You closely miss Karim's ghost. Your headbutt misses Karim's ghost.
Karim's ghost is lightly damaged.
You feel sick.
Karim's ghost points at you and mumbles some strange words.
The magic dart hits you!
* * * LOW HITPOINT WARNING * * *
You closely miss Karim's ghost.
Karim's ghost is lightly damaged.
* * * LOW HITPOINT WARNING * * *
You feel sick. Karim's ghost casts a spell at you. The magic dart hits you!
* * * LOW HITPOINT WARNING * * *
You miss Karim's ghost.
Karim's ghost is lightly damaged.
* * * LOW HITPOINT WARNING * * *
You feel sick. Karim's ghost casts a spell at you. The magic dart hits you!
You die...

...........#...#.
............#...#. .
...%........#...#. # ..
...........#####. ..
#'##'##............. .!#
.....#............. '.
...#.............
##'###'#.............
#..W@......######'###
#..........'.........
#..'..........#.........
#'##..........#######...
. ......#####... #...
.......' #.... #...
........# #..... #...
........# '..... ####
......


You could see Karim's ghost.

Vanquished Creatures
  The ghost of Ghella the Skirmisher, an amateur DrBe of Trog (D:4)
  6 yaks (D:6)
  Menkaure (D:6)
  The ghost of Soeti the Insei, an amateur OpTm (D:3)
  2 black bears
  4 ogres
  2 centaurs
  3 bullfrogs (D:6)
  A scorpion (D:7)
  2 crimson imps
  3 bullfrog zombies
  8 orc priests
  2 jellies
  8 orc wizards
  Ijyb (D:4)
  Terence (D:3)
  Natasha (twice) (D:3)
  2 iguanas
  11 worker ants
  A hound zombie (D:7)
  2 hound skeletons
  A worker ant zombie (D:6)
  A howler monkey zombie (D:6)
  11 adders
  A shadow imp (D:5)
  2 oozes
  An adder skeleton (D:4)
  3 dart slugs
  8 leopard geckos
  23 orcs
  2 ball pythons
  5 bats
  10 giant cockroaches
  4 goblins
  9 hobgoblins
  12 jackals
  9 kobolds
  2 quokkas
  4 frilled lizards
  A leopard gecko skeleton (D:5)
  A quokka zombie (D:5)
  7 rats
181 creatures vanquished.

Notes
Turn   | Place    | Note
-------+----------+-------------------------------------------
     0 | D:1      | RoseArtemis the Minotaur Fighter began the quest for the Orb.
     0 | D:1      | Reached XP level 1. HP: 19/19 MP: 0/0
   200 | D:1      | Reached XP level 2. HP: 23/27 MP: 1/1
  1037 | D:2      | Reached skill level 4 in Fighting
  1040 | D:2      | Reached XP level 3. HP: 27/33 MP: 2/2
  1201 | D:2      | Reached XP level 4. HP: 29/40 MP: 3/3
  1674 | D:3      | Reached XP level 5. HP: 43/47 MP: 4/4
  1779 | D:3      | Noticed Soeti's ghost (amateur OpTm)
  1788 | D:3      | Killed Soeti's ghost
  1788 | D:3      | Reached skill level 5 in Axes
  2023 | D:3      | Reached XP level 6. HP: 55/55 MP: 5/5
  2138 | D:3      | Reached skill level 5 in Armour
  2155 | D:3      | Found a runed door.
  2187 | D:3      | Noticed Natasha
  2193 | D:3      | Killed Natasha
  2193 | D:3      | Reached skill level 5 in Fighting
  2343 | D:3      | Noticed Natasha
  2349 | D:3      | Killed Natasha
  2349 | D:3      | Reached skill level 5 in Shields
  2463 | D:3      | Noticed Terence
  2475 | D:3      | Killed Terence
  2798 | D:4      | Reached XP level 7. HP: 40/61 MP: 6/6
  3064 | D:4      | Learned a level 1 spell: Beastly Appendage
  3067 | D:4      | Learned a level 2 spell: Sticks to Snakes
  3071 | D:4      | Learned a level 3 spell: Spider Form
  3108 | D:4      | Noticed Ijyb
  3119 | D:4      | Killed Ijyb
  3454 | D:4      | Reached skill level 1 in Unarmed Combat
  3482 | D:4      | Noticed Ghella's ghost (amateur DrBe)
  3540 | D:4      | Killed Ghella's ghost
  3540 | D:4      | Reached skill level 1 in Transmutations
  3965 | D:5      | Entered Level 5 of the Dungeon
  3965 | D:5      | Found a staircase to the Ecumenical Temple.
  3971 | Temple   | Entered the Ecumenical Temple
  4209 | Temple   | Became a worshipper of Ru the Awakened
  4260 | D:5      | Reached XP level 8. HP: 45/70 MP: 8/8
  4411 | D:5      | Reached skill level 6 in Fighting
  4411 | D:5      | Reached skill level 1 in Spellcasting
  4708 | D:5      | Found a shattered altar of Ashenzari.
  4787 | D:5      | Got a scorched ring mail
  5447 | D:5      | Identified the +0 ring mail of the Serpent {+Inv MR+} (You found it on level 5 of the Dungeon)
  5492 | D:6      | Noticed Menkaure
  5499 | D:6      | Killed Menkaure
  6047 | D:6      | Reached skill level 5 in Unarmed Combat
  6136 | D:6      | Gained mutation: You cannot drink potions while threatened. [Ru sacrifice]
  6136 | D:6      | Reached * piety under Ru
  6167 | D:6      | Reached XP level 9. HP: 41/78 MP: 11/11
  6372 | D:6      | Reached skill level 7 in Fighting
  6671 | D:6      | HP: 1/79 [yak (10)]
  7460 | D:7      | Found Fylisiwi's Gadget Shoppe.
  7682 | D:7      | Found Tofippol's Jewellery Shop.
  7694 | D:7      | Bought an uncursed ring of magical power for 220 gold pieces
  7723 | D:7      | Reached skill level 5 in Transmutations
  7820 | D:7      | Found Jiejitus's Food Emporium.
  8229 | D:7      | Reached skill level 8 in Fighting
  8313 | D:7      | Noticed Karim's ghost (novice GnCj)
  8323 | D:7      | HP: 4/81 [Karim's ghost/magic dart (8)]
  8324 | D:7      | Killed from afar by Karim's ghost

Vault maps used:
D:1:      dpeg_arrival_round_c
D:2:      first_ration, minmay_misc_feat_chi, hex_tiny
D:3:      moated_statue, uniq_crazy_yiuf_cottage, uniq_natasha, uniq_terence
D:4:      minmay_opposing_rooms, uniq_ijyb
D:5:      ashenzari_altar_1, minmay_temple_entry_butterflies
D:6:      uniq_menkaure
D:7:      serial_shops, nicolae_shop_crystal, nicolae_shop_trees, shop,
          kennysheep_mini_moat, shop
Temple:   nicolae_temple_the_god_donut

Skill      XL: |  1  2  3  4  5  6  7  8  9 |
---------------+----------------------------+-----
Axes           | 3 4 5 6 |  6.2
Fighting       | 4 5 6 8 |  8.0
Armour         | 4 5 6 |  6.0
Shields        | 4 5 6 |  6.1
Unarmed Combat | 2 5 7 |  7.4
Transmutations | 1 3 5 |  5.0
Spellcasting   | 2 3 |  3.1

Action                   |  1- 3 |  4- 6 |  7- 9 || total
-------------------------+-------+-------+-------++-------
Melee: War axe           |    77 |   103 |   334 ||   514
       Headbutt          |     9 |    18 |    73 ||   100
Invok: Sacrifice Drink   |       |       |     1 ||     1
  Use: Scroll            |       |     4 |     4 ||     8
       Potion            |       |       |     5 ||     5
 Stab: Distracted        |       |       |     1 ||     1
  Eat: Chunk             |     1 |     5 |     8 ||    14
       Ration            |       |       |     3 ||     3
Armor: Scale mail        |    36 |    27 |    31 ||    94
       Ring mail         |       |       |    42 ||    42
Dodge: Dodged            |    19 |    28 |    79 ||   126
Block: Shield            |    30 |    50 |   181 ||   261

Table legend:
 A = Spawn XP
 B = Non-spawn XP
 C = Spawn XP percentage of total XP
 D = Spawn monster count
 E = Non-spawn monster count
 F = Spawn count percentage of total count
 G = Total turns spent on level
                    A         B        C        D         E        F      G
               +---------+---------+-------+---------+---------+-------+---------
         Total |       0 |    5207 |   0.0 |       0 |     181 |   0.0 |  8324
               +---------+---------+-------+---------+---------+-------+---------
           D:1 |       0 |      30 |   0.0 |       0 |      17 |   0.0 |   968
           D:2 |       0 |     102 |   0.0 |       0 |      24 |   0.0 |   630
           D:3 |       0 |     415 |   0.0 |       0 |      31 |   0.0 |  1087
           D:4 |       0 |     798 |   0.0 |       0 |      19 |   0.0 |  1280
           D:5 |       0 |     620 |   0.0 |       0 |      29 |   0.0 |  1220
           D:6 |       0 |    2540 |   0.0 |       0 |      41 |   0.0 |  1810
           D:7 |       0 |     702 |   0.0 |       0 |      20 |   0.0 |  1049
               +---------+---------+-------+---------+---------+-------+---------
